 Dungeon Crawl Stone Soup version 0.29-a0-369-gd956c00756 (webtiles) character file.

Game seed: 9522555258246269777

3446 bande the Cleaver (level 10, -22/61 HPs)
             Began as a Gargoyle Fighter on May 2, 2022.
             Was an Initiate of Okawaru.
             Annihilated by a large abomination (30 damage)
             ... on level 2 of the Abyss.
             The game lasted 00:14:49 (6414 turns).

bande the Cleaver (Gargoyle Fighter)                Turns: 6414, Time: 00:14:49

Health: -22/61     AC: 17    Str: 22    XL:     10   Next: 6%
Magic:  10/10      EV:  9    Int: 19    God:    Okawaru [......]
Gold:   529        SH:  5    Dex: 13    Spells: 9/9 levels left

rFire   . . .      SeeInvis .   j - +7 war axe "Jubauqy" {pain, Str+2 Int+4}
rCold   . . .      Faith    .   c - +0 buckler
rNeg    + . .      Spirit   .   b - +0 scale mail
rPois   ∞          Reflect  .   i - +1 helmet
rElec   +          Harm     .   (no cloak)
rCorr   .          Rampage  .   (no gloves)
Will    .....                   (no boots)
Stlth   ..........              g - amulet of regeneration
HPRegen 1.00/turn               l - +6 ring of intelligence
MPRegen 0.12/turn               (no ring)

@: no status effects
A: sickness immunity, AC +7, negative energy resistance 1, electricity
resistance, torment resistance 1, petrification resistance
a: Renounce Religion


You were on level 2 of the Abyss.
You worshipped Okawaru.
Okawaru was noncommittal.
You visited 2 branches of the dungeon, and saw 9 of its levels.
You visited the Abyss 1 time.

You collected 529 gold pieces.

Inventory:

Hand Weapons
 a - a +1 war axe of protection
 j - the +7 war axe "Jubauqy" (weapon) {pain, Str+2 Int+4}
   (You found it on level 3 of the Dungeon)

   In the hands of one skilled in necromantic magic, it inflicts extra damage on
   living creatures.
   Str:       It affects your strength (+2).
   Int:       It affects your intelligence (+4).
 n - a +0 flail
Armour
 b - a +0 scale mail (worn)
 c - a +0 buckler (worn)
 i - a +1 helmet (worn)
Jewellery
 g - an amulet of regeneration (around neck)
 l - a +6 ring of intelligence (left hand)
 m - an amulet of faith
Wands
 h - a wand of iceblast (12)
Scrolls
 e - 3 scrolls of identify
 k - 2 scrolls of amnesia
 o - 3 scrolls of blinking
 p - a scroll of magic mapping
 r - 3 scrolls of fog
 t - a scroll of enchant armour
 w - 2 scrolls of teleportation
Potions
 d - 3 potions of might
 f - 5 potions of flight
 q - a potion of berserk rage
 s - a potion of cancellation
 u - a potion of invisibility
 v - a potion of curing


   Skills:
 + Level 6.5 Fighting
 + Level 8.7 Axes
 + Level 6.8 Armour
 - Level 0.1 Stealth
 + Level 5.2 Shields
 * Level 0.1 Invocations
 * Level 5.4 Evocations


You had 9 spell levels left.
You didn't know any spells.
Your spell library contained the following spells:

 Spells                   Type           Power      Damage    Failure   Level
 Sandblast                Erth           0%         2d4       54%         1
 Passwall                 Tmut/Erth      0%         N/A       67%         2
 Conjure Flame            Conj/Fire      0%         6-21      88%         3
 Ignite Poison            Fire/Tmut/Pois 0%         N/A       88%         3
 Stone Arrow              Conj/Erth      0%         3d7       88%         3
 Sticky Flame             Conj/Fire      0%         2d3       99%         4
 Freezing Cloud           Conj/Ice/Air   0%         6-21      100%        5
 Polar Vortex             Ice            0%         N/A       100%        9
 Simulacrum               Ice/Necr       Unusable   N/A       N/A         6

Dungeon Overview and Level Annotations

Branches:
Dungeon (8/15)             Temple (1/1) D:6
   Lair: D:8-11

Altars:
Cheibriados
Elyvilon
Fedhas
Gozag
Kikubaaqudgha
Nemelex Xobeh
Okawaru
Qazlal
Ru
Sif Muna
Trog
Uskayaw
Vehumet
Wu Jian
Xom
Zin
The Shining One
Beogh

Shops:
D:1 *[([

Annotations:
D:4 2 transporters, Antichthon's ghost, amateur SpEn
D:8 Psyche


Innate Abilities, Weirdness & Mutations

You are immune to sickness and miasma.
Your stone body is resilient. (AC +7)
You are immune to poison.
You resist negative energy. (rN+)
You are resistant to electric shocks. (rElec)
You are resistant to unholy torment.
You are immune to petrification.


Message History

The ynoxinul hits you but does no damage.
The large abomination hits you but does no damage.
The ufetubus hits you but does no damage.
The ufetubus closely misses you.
You slash the ynoxinul!
The ynoxinul is severely wounded.
You hit the large abomination but do no damage.
You slash the ufetubus!
You kill the ufetubus!
The ufetubus disappears in a puff of smoke!
You hit the ufetubus.
You kill the ufetubus!
The ufetubus disappears in a puff of smoke!
The large abomination hits you.
The ynoxinul gestures.
You closely miss the ynoxinul.
The ynoxinul is severely wounded.
You barely miss the large abomination.
The ufetubus shouts!
You hit the ufetubus.
The ufetubus hits you but does no damage.
The ufetubus barely misses you.
The ynoxinul gestures.
The large abomination hits you!
* * * LOW HITPOINT WARNING * * *
You slash the ynoxinul!
You kill the ynoxinul!
That felt strangely unrewarding.
The ufetubus disappears in a puff of smoke! x7
You completely miss the large abomination.
The large abomination barely misses you.
Unknown command.
The large abomination barely misses you.
The large abomination hits you but does no damage.
The large abomination hits you!
* * * LOW HITPOINT WARNING * * *
You slash the large abomination!
The large abomination is severely damaged.
The large abomination hits you!!
You die...

.. .#.. ..#.. .
..
.......3.5.....
.....#.....
..... ...###...#
....#
....#....#.#.#.#
.........#.. ..
.........# ##
.........# .
...#..@.#
..###.X.## ≈
#.....# #####.#
.# ###


You could see a large abomination.

Vanquished Creatures
  4 yaks (D:4)
  A ynoxinul (Abyss:2)
  2 water moccasins (D:5)
  An orc warrior (D:5)
  A black bear (D:7)
  An ice beast (D:7)
  2 ogres
  A centaur (D:7)
  2 kobold brigands
  2 necrophages (D:4)
  7 scorpions
  12 wights (D:6)
  2 howler monkeys
  The ghost of bande the Skirmisher, a weakling GrFi (D:3)
  4 hounds
  8 orc priests
  An iguana (D:6)
  4 orc wizards
  3 gnolls (D:5)
  9 adders
  A shadow imp (D:6)
  3 white imps
  An ufetubus (D:4)
  A worm (D:2)
  3 dart slugs
  25 orcs
  3 ball pythons
  5 bats
  4 endoplasms
  4 giant cockroaches
  4 goblins
  5 hobgoblins
  7 jackals
  4 quokkas
  3 frilled lizards
  16 kobolds
  5 rats
162 creatures vanquished.

Vanquished Creatures (others)
  A plant (D:5)
1 creature vanquished.

Grand Total: 163 creatures vanquished

Notes
Turn   | Place    | Note
-------+----------+-------------------------------------------
     0 | D:1      | bande the Gargoyle Fighter began the quest for the Orb.
     0 | D:1      | Reached XP level 1. HP: 14/14 MP: 1/1
    50 | D:1      | Found a faded altar of an unknown god.
    84 | D:1      | Reached XP level 2. HP: 14/19 MP: 2/2
   213 | D:1      | Found Ylimm's Antique Armour Shop.
   224 | D:1      | Found Tish's General Store.
   319 | D:1      | Reached skill level 2 in Axes
   341 | D:1      | Found Hikag's Weapon Shop.
   736 | D:1      | Found Goygges's Antique Armour Shoppe.
   883 | D:2      | Reached XP level 3. HP: 23/23 MP: 3/3
  1696 | D:3      | Identified the +7 war axe "Jubauqy" {pain, Str+2 Int+4}
  1713 | D:3      | Reached XP level 4. HP: 29/29 MP: 4/4
  1769 | D:3      | Noticed bande's ghost (weakling GrFi)
  1787 | D:3      | Reached skill level 3 in Axes
  1792 | D:3      | Reached XP level 5. HP: 31/33 MP: 5/5
  1799 | D:3      | Reached skill level 1 in Evocations
  1964 | D:3      | Found a runed translucent gate.
  1964 | D:3      | Found a runed translucent gate.
  1967 | D:3      | Found a runed translucent gate.
  2556 | D:3      | Killed bande's ghost
  2557 | D:3      | Reached XP level 6. HP: 23/38 MP: 6/6
  3070 | D:4      | Found a transporter.
  3078 | D:4      | Reached skill level 4 in Axes
  3082 | D:4      | Noticed Antichthon's ghost (amateur SpEn)
  3099 | D:4      | Reached XP level 7. HP: 44/44 MP: 7/7
  3163 | D:4      | Noticed a yak
  3164 | D:4      | Noticed a yak
  3164 | D:4      | Noticed a yak
  3165 | D:4      | Noticed a yak
  3182 | D:4      | Killed a yak
  3189 | D:4      | Killed a yak
  3190 | D:4      | Reached skill level 5 in Axes
  3190 | D:4      | Reached skill level 5 in Armour
  3199 | D:4      | Killed a yak
  3200 | D:4      | Reached XP level 8. HP: 11/48 MP: 8/8
  3204 | D:4      | Killed a yak
  3307 | D:4      | Found a snail-covered altar of Cheibriados.
  3308 | D:4      | Found an opulent altar of Gozag.
  3338 | D:4      | Found a transporter.
  3538 | D:5      | Entered Level 5 of the Dungeon
  3546 | D:5      | Reached skill level 6 in Axes
  3559 | D:5      | Reached skill level 5 in Fighting
  4425 | D:5      | Reached skill level 7 in Axes
  4425 | D:5      | Reached XP level 9. HP: 54/54 MP: 9/9
  4560 | D:6      | Reached skill level 5 in Shields
  5281 | D:7      | Reached skill level 8 in Axes
  5602 | D:6      | Reached skill level 5 in Evocations
  5710 | D:6      | Reached XP level 10. HP: 56/61 MP: 10/10
  5759 | D:6      | Found a staircase to the Ecumenical Temple.
  5770 | Temple   | Entered the Ecumenical Temple
  6023 | Temple   | Became a worshipper of Warmaster Okawaru
  6316 | D:8      | Noticed Psyche
  6355 | D:8      | Cast into level 2 of the Abyss (Psyche)
  6393 | Abyss:2  | Noticed a large abomination
  6414 | Abyss:2  | Annihilated by a large abomination

Illustrated notes

Levels and vault maps discovered:
D:1:      heliophobic_arrival_battle_scene, layout_basic, serial_shops,
          shop_fountains, shop, nicolae_shop_trees, shop_statue,
          ebering_ecumenical_altar_petrified
D:2:      layout_loops_corners
D:3:      layout_rooms, biasface_ghost_orc_armoury, mrwooster_statue_mirror,
          minmay_puff
D:4:      layout_basic, gammafunk_temple_overflow_statue,
          gammafunk_ghost_stat_death, minmay_bisected
D:5:      layout_basic, serial_bayou_crossing
D:6:      layout_basic, minmay_temple_entry_junction
D:7:      layout_basic
D:8:      layout_loops_cross, serial_shops, nicolae_shop_waterfront,
          nrook_loot_triangle, uniq_psyche
Temple:   mainiacjoe_temple_big_plus
Abyss:2:  base:
D:8

Skill      XL: |  1  2  3  4  5  6  7  8  9 |
---------------+----------------------------+-----
Axes           | 2 3 4 5 7 8 |  8.7
Armour         | 4 5 6 |  6.8
Evocations     | 1 2 3 4 5 |  5.4
Fighting       | 4 5 6 |  6.5
Shields        | 4 5 |  5.2
Stealth        | |  0.1
Invocations    | |  0.1

Action                   |  1- 3 |  4- 6 |  7- 9 | 10-12 || total
-------------------------+-------+-------+-------+-------++-------
Melee: War axe           |    75 |   107 |   222 |    33 ||   437
  Use: Scroll            |     8 |     4 |     8 |     1 ||    21
       Potion            |       |       |     3 |       ||     3
Armor: Scale mail        |    38 |    93 |   131 |    43 ||   305
Dodge: Dodged            |    48 |    61 |    95 |    45 ||   249
Block: Buckler           |    22 |    30 |    49 |    24 ||   125

Table legend: (Time is in decaauts)
 A = Elapsed time spent in this place.
 B = Non-inter-level travel time spent in this place.
 C = Inter-level travel time spent in this place.
 D = Time resting spent in this place.
 E = Time spent auto-exploring this place.
 F = Levels seen in this place.
 G = Mean time per level.
                   A        B        C        D        E       F      G
               +--------+--------+--------+--------+--------+-----+--------+
         Total |   6548 |   6391 |    157 |    774 |   3872 |  10 |  654.8 |
       Dungeon |   6212 |   6076 |    136 |    774 |   3629 |   8 |  776.5 |
        Temple |    275 |    254 |     21 |      0 |    243 |   1 |  275.0 |
         Abyss |     60 |     60 |      0 |      0 |      0 |   1 |   60.0 |
               +--------+--------+--------+--------+--------+-----+--------+

Top non-repeatable levels by time:
     D:3: 1021 daAuts
     D:5: 955 daAuts
     D:4: 904 daAuts
     D:2: 889 daAuts
     D:7: 822 daAuts
     D:1: 816 daAuts
     D:6: 704 daAuts
  Temple: 275 daAuts
     D:8: 98 daAuts
 Abyss:2: 60 daAuts
